[Event "*** Titled Tuesday Blitz"]
[Site "Chess.com"]
[Date "2019.04.02"]
[Round "7"]
[White "DiogenesSinopeus"]
[Black "sergeikim"]
[Result "1-0"]
[WhiteElo "2445"]
[BlackElo "2563"]
[TimeControl "180+2"]
[EndTime "15:30:08 PDT"]
[Termination "DiogenesSinopeus won by resignation"]

1. d4 Nf6 2. c4 g6 3. Nc3 Bg7 4.
e4 d6 5. Nf3 O-O 6. Be2 e5 7. dxe5 dxe5 8. Qxd8 Rxd8 9. Nd5 Nxd5 10.
cxd5 c6 11. Bc4 cxd5 12. Bxd5 Nc6 13. Bg5 Re8 14. O-O-O Bg4 15. Kb1 Nd4 16. Nxd4 exd4 17. f3 Be6 18. Bxb7 Rab8 19. Ba6 d3 20. Bc1 Rb6 21.
Bxd3 Reb8 22. Rd2 a5 23. Rhd1 a4 24. Bc2 Bxb2 25. Rd8+ Kg7 26. Rxb8 Rxb8 27. Bxb2+ f6 28. a3 1-0

[Event "*** Titled Tuesday Blitz"]
[Site "Chess.com"]
[Date "2019.04.02"]
[Round "7"]
[White "zurzan"]
[Black "kikoveiga"]
[Result "1-0"]
[WhiteElo "2045"]
[BlackElo "2177"]
[TimeControl "180+2"]
[EndTime "15:30:11 PDT"]
[Termination "zurzan won by resignation"]

1. c4 e6 2. g3 d5 3. Bg2 Nf6 4. b3 Be7 5. Bb2 O-O 6. d3 c5 7.
Nf3 d4 8. O-O Nc6 9. e3 e5 10.
exd4 cxd4 11. Re1 Nd7 12. Nbd2 a5 13. a3 f5 14. Qc2 Bf6 15. c5 Kh8 16. Qc4 Re8 17.
b4 axb4 18. axb4 Rxa1 19. Rxa1 Nf8 20. b5 Be6 21. Qa4 Ne7 22. Re1 Nfg6 23. Nxd4 Bd7 24.
N4f3 Qc8 25. Rc1 Nd5 26. d4 e4 27. Ne5 Nc3 28. Bxc3 1-0

[Event "*** Titled Tuesday Blitz"]
[Site "Chess.com"]
[Date "2019.04.02"]
[Round "7"]
[White "ace_mar"]
[Black "VeraNebolsina"]
[Result "1-0"]
[WhiteElo "2285"]
[BlackElo "2387"]
[TimeControl "180+2"]
[EndTime "15:30:11 PDT"]
[Termination "ace_mar won by resignation"]

1. d4 Nf6 2. c4 g6 3. g3 Bg7 4. Bg2 O-O 5. Nc3 d6 6. Nf3 Nc6 7. O-O e5 8. d5 Nb8 9. e4 a5 10. Ne1 Na6 11. Nd3 Nd7 12. a3 Nac5 13. Rb1 Nxd3 14.
Qxd3 Nc5 15. Qc2 a4 16. Be3 Bd7 17. f4 exf4 18. gxf4 Nb3 19. Rbd1 Qh4 20. Qf2 Qxf2+ 21. Rxf2 Bxc3 22. bxc3 b6 23. e5 dxe5 24. fxe5 Rae8 25.
Bf4 Bc8 26. d6 cxd6 27. exd6 Bd7 28. Bg5 Re5 29. Be7 Rc8 30. Bd5 Rf5 31. Re1 Nc5 32. Rxf5 Bxf5 33. Bf6 Nd7 34. Bd4 1-0

[Event "*** Titled Tuesday Blitz"]
[Site "Chess.com"]
[Date "2019.04.02"]
[Round "7"]
[White "pedromartinez91"]
[Black "francogreek"]
[Result "0-1"]
[WhiteElo "2484"]
[BlackElo "2419"]
[TimeControl "180+2"]
[EndTime "15:30:13 PDT"]
[Termination "francogreek won by resignation"]

1. e4 c5 2. Nf3 d6 3. Bb5+ Nc6 4.
O-O Bd7 5. Re1 Nf6 6. c3 a6 7. Bf1 e5 8. d4 cxd4 9. cxd4 Bg4 10. d5 Nd4 11. Be3 Nxf3+ 12. gxf3 Bh5 13. Nd2 Be7 14. Qb3 Qd7 15. Nc4 Bxf3 16. h3 Bd8 17. Bb6 Bxe4 18. Bxd8 Rxd8 19. Nb6 Qf5 20. Qg3 h5 21. h4 Rh6 22. Bh3 Ng4 23. Bxg4 hxg4 24. Re3 g5 25. Rae1 gxh4 26. Qh2 g3 27. fxg3 hxg3 28.
Rxg3 Rxh2 0-1

[Event "*** Titled Tuesday Blitz"]
[Site "Chess.com"]
[Date "2019.04.02"]
[Round "7"]
[White "OparinGrigoriy"]
[Black "DrRiebert"]
[Result "1-0"]
[WhiteElo "2964"]
[BlackElo "2578"]
[TimeControl "180+2"]
[EndTime "15:30:16 PDT"]
[Termination "OparinGrigoriy won by resignation"]

1. Nf3 d5 2. g3 Nf6 3. Bg2 c6 4. O-O Bf5 5. c4 e6 6. cxd5 exd5 7. Qb3 Qb6 8. d3 Nbd7 9. Qc2 Bd6 10. Nc3 O-O 11.
e4 Bg6 12. Be3 Qa5 13. Nh4 dxe4 14. dxe4 Bc5 15. Bd2 Qa6 16. Rfd1 Rad8 17. Nxg6 hxg6 18. Bf1 Qb6 19. Na4 Bxf2+ 20. Kg2 Qd4 21. Be1 1-0

[Event "*** Titled Tuesday Blitz"]
[Site "Chess.com"]
[Date "2019.04.02"]
[Round "7"]
[White "Fandorine"]
[Black "KhalilMousavi77"]
[Result "1-0"]
[WhiteElo "2854"]
[BlackElo "2729"]
[TimeControl "180+2"]
[EndTime "15:30:20 PDT"]
[Termination "Fandorine won by resignation"]

1. e4 e6 2. d4 d5 3. Nc3 Bb4 4.
e5 c5 5. a3 Bxc3+ 6. bxc3 Ne7 7. a4 b6 8. Bb5+ Bd7 9. Be2 Nbc6 10. f4 Qc7 11. Nf3 cxd4 12. cxd4 Nb4 13. O-O Qxc2 14.
Qe1 Nd3 15. Bxd3 Qxd3 16. Ba3 Nf5 17. Kh1 Rc8 18. g4 Qe4 19. gxf5 Rc4 20. Qh4 f6 21. exf6 1-0

[Event "*** Titled Tuesday Blitz"]
[Site "Chess.com"]
[Date "2019.04.02"]
[Round "7"]
[White "Koksal06"]
[Black "NemtsevIgor"]
[Result "1-0"]
[WhiteElo "2326"]
[BlackElo "2305"]
[TimeControl "180+2"]
[EndTime "15:30:21 PDT"]
[Termination "Koksal06 won by checkmate"]

1. d4 c6 2. c4 d6 3. Nc3 Nd7 4. e4 h6 5. Nf3 g5 6. Be2 Bg7 7. O-O Nf8 8. Be3 Ng6 9. b4 g4 10. Ne1 h5 11. a4 Nf6 12. a5 h4 13. b5 g3 14. fxg3 hxg3 15. h3 Bd7 16. a6 b6 17.
bxc6 Bxc6 18. Qd3 Rh4 19. Nf3 Bxe4 20. Nxe4 Rxe4 21. Ng5 Rxe3 22. Qxe3 Bh6 23. Qxg3 Qc7 24. Bd3 O-O-O 25. Nxf7 Nh5 26. Qxg6 Be3+ 27. Kh1 Nf6 28. Nxd8 Qxd8 29. Rxf6 exf6 30. Qe4 Bf2 31. Qb7# 1-0

[Event "*** Titled Tuesday Blitz"]
[Site "Chess.com"]
[Date "2019.04.02"]
[Round "7"]
[White "LaughingTiger"]
[Black "Dare-Dare"]
[Result "1-0"]
[WhiteElo "2177"]
[BlackElo "2112"]
[TimeControl "180+2"]
[EndTime "15:30:39 PDT"]
[Termination "LaughingTiger won by resignation"]

1. e4 e6 2. d4 d5 3. exd5 exd5 4. Nf3 Bd6 5. Bd3 Ne7 6. O-O O-O 7.
h3 Nbc6 8. c4 dxc4 9. Bxc4 Nb4 10. Nc3 c6 11. a3 Nbd5 12. Nxd5 Nxd5 13. Bxd5 cxd5 14. Be3 Bf5 15. Qd2 Rc8 16. Rac1 Qb6 17. Rxc8 Rxc8 18. Rc1 Rxc1+ 19. Qxc1 h6 20. b4 Qa6 21.
Bf4 Kh7 22. Bxd6 Qxd6 23. Qc5 Qxc5 24. dxc5 Kg6 25. Kf1 Bd3+ 26. Ke1 Kf5 27. Kd2 Ke4 28. Kc3 Bb5 29. Nd2+ Ke5 30. Nf3+ Ke4 31. Nd4 Bd7 32. b5 f5 33. a4 g5 34. a5 h5 35. b6 axb6 36. axb6 h4 37. c6 Bc8 38. Nb5 Ke5 39.
Na7 Kd6 40. c7 Kd7 41. Nxc8 Kxc8 42. Kd4 g4 43. Kxd5 f4 44. f3 1-0

[Event "*** Titled Tuesday Blitz"]
[Site "Chess.com"]
[Date "2019.04.02"]
[Round "7"]
[White "ENEASZ"]
[Black "MrChessSponge"]
[Result "1/2-1/2"]
[WhiteElo "2434"]
[BlackElo "2276"]
[TimeControl "180+2"]
[EndTime "15:30:40 PDT"]
[Termination "Game drawn by agreement"]

1. e4 e5 2. Nf3 Nc6 3. Bc4 Bc5 4.
c3 Nf6 5. d4 exd4 6. O-O Nxe4 7. cxd4 d5 8. dxc5 dxc4 9. Qxd8+ Kxd8 10. Ng5 Nxg5 11. Bxg5+ f6 12. Rd1+ Bd7 13. Bf4 Nb4 14.
Nc3 Kc8 15. Nd5 Nxd5 16. Rxd5 b5 17. h4 Bc6 18. Rd4 Kb7 19. Rad1 Rhe8 20. Be3 h5 21. Kh2 a6 22. Kg3 Re5 23. R4d2 Re4 24. Rd4 Rae8 1/2-1/2

[Event "*** Titled Tuesday Blitz"]
[Site "Chess.com"]
[Date "2019.04.02"]
[Round "7"]
[White "Gordima"]
[Black "EvgenyT"]
[Result "1-0"]
[WhiteElo "2741"]
[BlackElo "2909"]
[TimeControl "180+2"]
[EndTime "15:30:47 PDT"]
[Termination "Gordima won by resignation"]

1. Nf3 d5 2. d4 Nf6 3. c4 e6 4. Nc3 Be7 5. Bf4 O-O 6. a3 b6 7. Qc2 Bb7 8. Rd1 a6 9. cxd5 Nxd5 10. Nxd5 Qxd5 11. e3 Nd7 12. Bd3 Qa5+ 13. Nd2 Bxg2 14. Rg1 Bd5 15. e4 Nf6 16. exd5 Qxd5 17. Bh6 Nh5 18.
Be4 Qxd4 19. Bxa8 Rxa8 20. Qe4 1-0

[Event "*** Titled Tuesday Blitz"]
[Site "Chess.com"]
[Date "2019.04.02"]
[Round "7"]
[White "FairChess_on_YouTube"]
[Black "Lennis93"]
[Result "1-0"]
[WhiteElo "3042"]
[BlackElo "2367"]
[TimeControl "180+2"]
[EndTime "15:30:57 PDT"]
[Termination "FairChess_on_YouTube won by checkmate"]

1. d4 d5 2. c4 c6 3. Nc3 Nf6 4. e3 g6 5. Nf3 Bg7 6. Be2 O-O 7. O-O Ne4 8. Qb3 b6 9. cxd5 Nxc3 10. bxc3 cxd5 11.
c4 Ba6 12. Re1 Nc6 13. cxd5 Na5 14. Qd1 Bxe2 15. Rxe2 Qxd5 16. e4 Qd6 17. Bg5 h6 18. e5 Qd7 19. Bh4 e6 20. Bf6 Rac8 21. Qd2 Rc4 22. Re4 Rfc8 23. Rh4 h5 24. Rxh5 Bxf6 25. exf6 Qc6 26. Rh8+ Kxh8 27. Qh6+ Kg8 28. Qg7# 1-0

[Event "*** Titled Tuesday Blitz"]
[Site "Chess.com"]
[Date "2019.04.02"]
[Round "7"]
[White "sere99"]
[Black "FERNANDEZL1983"]
[Result "1-0"]
[WhiteElo "2300"]
[BlackElo "2433"]
[TimeControl "180+2"]
[EndTime "15:30:59 PDT"]
[Termination "sere99 won by resignation"]

1. d4 Nf6 2. c4 g6 3. Nf3 Bg7 4. g3 O-O 5. Bg2 d6 6. O-O c6 7.
Nc3 Nbd7 8. e4 e5 9. Re1 exd4 10. Nxd4 a5 11. b3 Nc5 12. h3 Re8 13. Bf4 Nh5 14.
Be3 Nf6 15. Qc2 Nfd7 16. Rad1 h5 17. f4 Na6 18. Nf3 Qc7 19. Bd4 Bf8 20. f5 Ne5 21. Qf2 Bg7 22. Rf1 Nb4 23. Nxe5 d5 24. f6 Bf8 25. Nxg6 c5 26. Nxf8 cxd4 27. Qd2 Qxg3 28. Rf3 Qd6 29. Qg5+ 1-0

[Event "*** Titled Tuesday Blitz"]
[Site "Chess.com"]
[Date "2019.04.02"]
[Round "7"]
[White "Caisachess"]
[Black "Firouzja2003"]
[Result "0-1"]
[WhiteElo "2421"]
[BlackElo "3064"]
[TimeControl "180+2"]
[EndTime "15:31:10 PDT"]
[Termination "Firouzja2003 won by resignation"]

1. e4 c5 2. c3 d6 3. d4 Nf6 4.
Bd3 Nc6 5. Nf3 g6 6. h3 Bg7 7. O-O O-O 8. Re1 Nd7 9. Be3 Qb6 10. dxc5 Qxb2 11. Nbd2 Nxc5 12. Bc4 Qxc3 13. Rc1 Qa5 14.
Nb3 Nxb3 15. Qxb3 Rb8 16. Bd5 Bd7 17. Bd2 Qd8 18. Bg5 h6 19. Be3 e6 20. Bxc6 Bxc6 21.
Bxa7 Ra8 22. Bb6 Qe7 23. Bd4 e5 24. Bb2 Kh7 25. Ba3 f5 26. Nd2 Qg5 27. Nf3 Qf6 28. Nd2 fxe4 29. Nxe4 Bxe4 30. Rxe4 Qxf2+ 31. Kh1 Rf4 32. Rxf4 exf4 33. Bxd6 Rxa2 34. Qd5 Rd2 0-1

[Event "*** Titled Tuesday Blitz"]
[Site "Chess.com"]
[Date "2019.04.02"]
[Round "7"]
[White "GukeshDommaraju"]
[Black "olksuna"]
[Result "1-0"]
[WhiteElo "2627"]
[BlackElo "2483"]
[TimeControl "180+2"]
[EndTime "15:31:13 PDT"]
[Termination "GukeshDommaraju won by resignation"]

1. Nf3 d5 2. g3 c6 3. Bg2 Nf6 4. O-O Bf5 5. d3 e6 6. Nh4 Bg4 7. h3 Bh5 8. Qe1 Nbd7 9. f4 Be7 10. e4 dxe4 11. dxe4 O-O 12. Nc3 Nc5 13. Be3 b5 14. g4 Bxg4 15. hxg4 Nxg4 16. Nf3 b4 17.
Nd1 Nxe4 18. Ne5 Bh4 19. Qxb4 Nxe5 20. Qxe4 Ng4 21. Bc5 Re8 22. Ne3 Nf6 23. Qd3 Qa5 24. b4 Qa4 25. Qb3 Qb5 26. c4 1-0

[Event "*** Titled Tuesday Blitz"]
[Site "Chess.com"]
[Date "2019.04.02"]
[Round "7"]
[White "FrenchMonster2002"]
[Black "riconaipe"]
[Result "0-1"]
[WhiteElo "2351"]
[BlackElo "2436"]
[TimeControl "180+2"]
[EndTime "15:31:14 PDT"]
[Termination "riconaipe won by resignation"]

1. e4 c6 2. Nc3 d5 3. Nf3 g6 4. h3 Bg7 5. d4 Nh6 6. Be2 O-O 7. O-O f6 8. Bf4 Nf7 9. e5 fxe5 10. Nxe5 Nxe5 11. Bxe5 Bxe5 12. dxe5 Nd7 13. f4 Qb6+ 14. Kh2 Qxb2 15. Rf3 Nxe5 16. fxe5 Rxf3 17. Bxf3 Qxc3 18. Bxd5+ cxd5 19. Qxd5+ Kg7 20. Rf1 Bf5 21. g4 Qxc2+ 22.
Kg3 Qd3+ 23. Qxd3 Bxd3 24. Rc1 Be4 25. Rc7 Kf7 26. Kf4 Bc6 27. Kg5 Ke8 28. e6 Kd8 29.
Rxc6 bxc6 30. Kh6 c5 31. Kxh7 c4 32. Kxg6 c3 33. h4 c2 34. h5 c1=Q 35. h6 Qf4 36. g5 Kc7 37. h7 Kd6 38. a3 Kxe6 39. a4 Rh8 40. Kg7 Qf8+ 41. Kg6 0-1

[Event "*** Titled Tuesday Blitz"]
[Site "Chess.com"]
[Date "2019.04.02"]
[Round "7"]
[White "chesstatour"]
[Black "FearNoEvil12"]
[Result "0-1"]
[WhiteElo "2000"]
[BlackElo "2006"]
[TimeControl "180+2"]
[EndTime "15:31:15 PDT"]
[Termination "FearNoEvil12 won by resignation"]

1. c4 e5 2. Nc3 Nc6 3. g3 Bc5 4. Bg2 d6 5. Nf3 f5 6. O-O Nf6 7. e3 O-O 8. d4 Bb6 9. Qb3 Kh8 10.
Rd1 Qe8 11. Nd5 e4 12. Ne1 Nxd5 13. cxd5 Ne7 14. a4 a5 15. Bf1 Qh5 16. Ng2 g5 17.
Qc2 Bd7 18. b3 Nxd5 19. Bd2 Nf6 20. d5 Ng4 21. Bc3+ Kg8 22. h4 f4 23. exf4 gxf4 24.
Bd4 Ne5 25. Nxf4 Rxf4 26. Bxe5 Rxf2 27. Qc3 0-1

[Event "*** Titled Tuesday Blitz"]
[Site "Chess.com"]
[Date "2019.04.02"]
[Round "7"]
[White "jcgs1030"]
[Black "Karina_Oparina"]
[Result "1-0"]
[WhiteElo "2342"]
[BlackElo "2238"]
[TimeControl "180+2"]
[EndTime "15:31:18 PDT"]
[Termination "jcgs1030 won by resignation"]

1. e4 c6 2. d4 d5 3. e5 c5 4. dxc5 e6 5. a3 Bxc5 6. b4 Bb6 7. Bb2 Ne7 8. c4 dxc4 9. Qxd8+ Bxd8 10. Bxc4 b6 11. Nf3 Bb7 12. Nbd2 Nbc6 13. Ne4 O-O 14. Nd6 Bc8 15. Rc1 a6 16. Ke2 b5 17.
Bd3 Bd7 18. Rhd1 Nd5 19. Be4 Nce7 20. g3 Bb6 21. Ng5 h6 22. Nh3 a5 23. Nf4 axb4 24.
Bxd5 bxa3 25. Bxa8 axb2 26. Rb1 Rxa8 27. Rxb2 g5 28.
Nh5 Nd5 29. Rxd5 exd5 30. Nf6+ Kg7 31. Nxd7 Bd4 32. Nf5+ 1-0

[Event "*** Titled Tuesday Blitz"]
[Site "Chess.com"]
[Date "2019.04.02"]
[Round "7"]
[White "j2806"]
[Black "ristingho"]
[Result "0-1"]
[WhiteElo "1744"]
[BlackElo "2481"]
[TimeControl "180+2"]
[EndTime "15:31:27 PDT"]
[Termination "ristingho won by resignation"]

1. e4 c6 2. d4 d5 3. exd5 cxd5 4. Bd3 Nf6 5. c3 Nc6 6. h3 g6 7. Nf3 Bg7 8. O-O O-O 9. Re1 Bf5 10. Bxf5 gxf5 11.
Qe2 e6 12. Bf4 Ne4 13. Nbd2 a6 14. Ne5 Rc8 15. Nxe4 fxe4 16. Nxc6 bxc6 17. Qg4 Kh8 18. f3 exf3 19. Qxf3 Qf6 20. Rf1 Qg6 21. Rae1 Rfe8 22.
Be5 f5 23. Qg3 Qxg3 24. Bxg3 Kg8 25. Be5 c5 26. dxc5 Rxc5 27. Bxg7 Kxg7 28. Re5 Kf6 29. Rfe1 Rb5 30. b3 h5 31. Kf2 Rc5 32. R1e3 f4 33. Re1 Rxc3 34. R5e2 e5 35. Rd1 d4 36. Re4 Kf5 37.
Rdxd4 Rc2+ 38. Kf3 Rec8 39. Rd5 R8c3+ 40. Rd3 Rxd3+ 0-1

[Event "*** Titled Tuesday Blitz"]
[Site "Chess.com"]
[Date "2019.04.02"]
[Round "7"]
[White "scrapnel"]
[Black "aa175"]
[Result "1-0"]
[WhiteElo "2514"]
[BlackElo "1927"]
[TimeControl "180+2"]
[EndTime "15:31:31 PDT"]
[Termination "scrapnel won by resignation"]

1. c4 Nf6 2. Nc3 d5 3. cxd5 Nxd5 4. g3 Nxc3 5. bxc3 g6 6. Bg2 Bg7 7. Rb1 O-O 8. Nf3 Nc6 9. O-O a6 10. Qa4 Qd7 11. Qh4 b5 12. d4 Bb7 13. Bh6 f6 14. e4 Na5 15. Bh3 e6 16. Bxg7 Kxg7 17. d5 f5 18. Ng5 Rh8 19. Nxe6+ Kf7 20. exf5 Qxd5 21. f3 gxf5 22. Nd4 Bc8 23. Rbe1 c5 24. Qe7+ Kg6 25. Ne6 1-0

[Event "*** Titled Tuesday Blitz"]
[Site "Chess.com"]
[Date "2019.04.02"]
[Round "7"]
[White "Chesstrainer1"]
[Black "BlackBoarder"]
[Result "1-0"]
[WhiteElo "2414"]
[BlackElo "2514"]
[TimeControl "180+2"]
[EndTime "15:31:44 PDT"]
[Termination "Chesstrainer1 won by resignation"]

1. d4 e6 2. e4 d5 3. e5 c5 4. c3 Nc6 5. Nf3 Bd7 6. a3 f6 7. Bd3 fxe5 8. dxe5 Qc7 9. O-O Nxe5 10. Bf4 Nxf3+ 11. Qxf3 Bd6 12. Qh5+ Kf8 13. Bg5 Nf6 14. Qh4 Be7 15. Nd2 e5 16. c4 d4 17. f4 h6 18. Ne4 Ke8 19. Nxf6+ gxf6 20. Bxf6 Bxf6 21. Qxf6 Rg8 22. Bg6+ Rxg6 23. Qxg6+ Ke7 24. fxe5 1-0

[Event "*** Titled Tuesday Blitz"]
[Site "Chess.com"]
[Date "2019.04.02"]
[Round "7"]
[White "CzechmVIII"]
[Black "IIIlllII1llIl"]
[Result "0-1"]
[WhiteElo "2136"]
[BlackElo "2767"]
[TimeControl "180+2"]
[EndTime "15:31:46 PDT"]
[Termination "IIIlllII1llIl won by resignation"]

1. e4 c5 2. Nf3 d6 3. d4 cxd4 4.
Nxd4 Nf6 5. Nc3 a6 6. Bg5 Nbd7 7. Bc4 Qb6 8. O-O e6 9. Qd2 Be7 10. Bb3 Nc5 11. Na4 Qc7 12. Bxf6 Nxe4 13. Qe3 Nxf6 14. Nf5 exf5 15. Nb6 Rb8 16. Nxc8 Rxc8 17. Rfe1 d5 18. Rad1 Ng4 19. Qh3 O-O 20. Rxd5 Qf4 21. f3 Bc5+ 22. Rxc5 Qd4+ 0-1

[Event "*** Titled Tuesday Blitz"]
[Site "Chess.com"]
[Date "2019.04.02"]
[Round "7"]
[White "PelinGorki"]
[Black "mbojan"]
[Result "0-1"]
[WhiteElo "2515"]
[BlackElo "2515"]
[TimeControl "180+2"]
[EndTime "15:31:50 PDT"]
[Termination "mbojan won on time"]

1. e4 g6 2. h4 Nf6 3. e5 Nh5 4. d4 d6 5. Be2 dxe5 6. Bxh5 gxh5 7. dxe5 Qxd1+ 8. Kxd1 Nc6 9. Bf4 Rg8 10. g3 Bg4+ 11. f3 O-O-O+ 12. Nd2 Bf5 13. Rh2 Bg7 14. Re2 Nd4 15. Rf2 Bxc2+ 16. Ke1 Bf5 17. Rc1 Nc6 18. Nc4 Be6 19. Ne2 Bxc4 20. Rxc4 Nxe5 21. Bxe5 Bxe5 22. f4 Bxb2 23. Rf3 Bf6 24. Rb3 Rd5 25. Kf2 Rgd8 26.
Rcb4 b6 27. Ng1 Rd2+ 28. Ke3 Rxa2 29. Nf3 Rg2 30. Ra4 a5 0-1

[Event "*** Titled Tuesday Blitz"]
[Site "Chess.com"]
[Date "2019.04.02"]
[Round "7"]
[White "Gabrielian_Artur"]
[Black "beatles_22"]
[Result "1-0"]
[WhiteElo "2752"]
[BlackElo "2645"]
[TimeControl "180+2"]
[EndTime "15:31:51 PDT"]
[Termination "Gabrielian_Artur won on time"]

1. e4 e5 2. Nf3 Nc6 3. Bc4 Nf6 4.
d3 Ke7 5. O-O h6 6. d4 d6 7. h3 g5 8. dxe5 Nxe5 9. Nxe5 dxe5 10. Qe2 Be6 11. Nc3 Bg7 12. Be3 Kf8 13. Bxe6 fxe6 14. Qb5 Qc8 15. Rad1 c6 16. Qxe5 Kf7 17. Qg3 Rd8 18. e5 Rxd1 19. Rxd1 Nd5 20. Ne4 Qc7 21.
Nd6+ Kg8 22. c4 Nxe3 23. Qxe3 Rd8 24. c5 a5 25. Qb3 Qe7 26. Rd3 Bxe5 27. Nf5 Bh2+ 28.
Kxh2 Qc7+ 29. Rd6 b6 30. Qxe6+ 1-0

[Event "*** Titled Tuesday Blitz"]
[Site "Chess.com"]
[Date "2019.04.02"]
[Round "7"]
[White "AsaHoffmann"]
[Black "effefe"]
[Result "0-1"]
[WhiteElo "2181"]
[BlackElo "2273"]
[TimeControl "180+2"]
[EndTime "15:31:55 PDT"]
[Termination "effefe won by resignation"]

1. d4 Nf6 2. Bg5 c5 3. d5 Qb6 4. Nc3 Qxb2 5. Bd2 Qb6 6. e4 d6 7.
f4 e5 8. Nf3 Nbd7 9. Rb1 Qd8 10.
Bb5 a6 11. fxe5 axb5 12. exf6 b4 13. fxg7 Bxg7 14. Ne2 Rxa2 15. O-O O-O 16. Ng3 Ne5 17. Nh5 Bg4 18. Nxg7 Kxg7 19. Qc1 Bxf3 20. gxf3 Qh4 21. Kh1 Kh8 22. Bg5 Qh5 23. Qf4 Ng6 24. Bf6+ Kg8 25. Qxd6 Rxc2 26. Rb2 Qh3 0-1

[Event "*** Titled Tuesday Blitz"]
[Site "Chess.com"]
[Date "2019.04.02"]
[Round "7"]
[White "ElGasanov"]
[Black "SF-96"]
[Result "1-0"]
[WhiteElo "2671"]
[BlackElo "2545"]
[TimeControl "180+2"]
[EndTime "15:32:10 PDT"]
[Termination "ElGasanov won by checkmate"]

1. d4 Nf6 2. Bg5 g6 3. Bxf6 exf6 4. c4 Bg7 5. Nc3 f5 6. e3 Nc6 7. g3 O-O 8. Bg2 Re8 9. Nge2 d6 10. O-O Rb8 11. Rb1 a5 12. a3 Ne7 13. b4 axb4 14. axb4 c6 15. Qd3 Be6 16. Rfd1 Nc8 17. d5 Bd7 18. c5 cxd5 19. Bxd5 Rf8 20. Bg2 Be5 21. f4 Bxc3 22. Nxc3 Qf6 23. Nd5 Qd8 24. Qd4 dxc5 25. Nf6+ Kg7 26. Ne8+ Kh6 27. Qg7+ Kh5 28. Qxh7+ Kg4 29.
Qh3# 1-0

[Event "*** Titled Tuesday Blitz"]
[Site "Chess.com"]
[Date "2019.04.02"]
[Round "7"]
[White "ChainsOfFantasia"]
[Black "Last7Samurai"]
[Result "0-1"]
[WhiteElo "2467"]
[BlackElo "2741"]
[TimeControl "180+2"]
[EndTime "15:32:12 PDT"]
[Termination "Last7Samurai won by checkmate"]

1. d4 d5 2. Nf3 Nf6 3. e3 e6 4. Bd3 c5 5. O-O Nc6 6. c3 Bd6 7. Nbd2 O-O 8. dxc5 Bxc5 9. b4 Bd6 10.
Bb2 a6 11. a3 e5 12. e4 Bg4 13. h3 Bh5 14. exd5 Nxd5 15. Ne4 Bc7 16. Ng3 Bg6 17. Bxg6 hxg6 18. c4 Nf4 19. Qxd8 Raxd8 20. b5 axb5 21. cxb5 Nd4 22. Nxd4 exd4 23. Rac1 Bb6 24. Rfd1 Rfe8 25. Rd2 d3 26. Kf1 Ba5 27. Rdd1 Ne2 28. Rc4 Nxg3+ 29.
fxg3 Re2 30. Bc3 Bb6 31. Bd4 Rxd4 32. Rxd4 Bxd4 33. Rxd3 Re4 34. a4 b6 35. Ra3 Bc5 36.
Ra2 Bb4 37. g4 g5 38. Kf2 Ba5 39. Kf3 Rc4 40. g3 g6 41. h4 Rc3+ 42. Kg2 gxh4 43. gxh4 Kg7 44. g5 f6 45. Re2 fxg5 46. hxg5 Rc5 47. Re7+ Kf8 48. Rb7 Rxg5+ 49. Kf3 Rf5+ 50. Kg4 Rf7 51. Rb8+ Kg7 52. Kg5 Rd7 53. Kf4 Rd4+ 54. Kg5 Bd2# 0-1

[Event "*** Titled Tuesday Blitz"]
[Site "Chess.com"]
[Date "2019.04.02"]
[Round "7"]
[White "champ2005"]
[Black "IMRosen"]
[Result "1-0"]
[WhiteElo "2806"]
[BlackElo "2536"]
[TimeControl "180+2"]
[EndTime "15:32:17 PDT"]
[Termination "champ2005 won by checkmate"]

1. d4 Nf6 2. Nc3 d5 3. Bf4 a6 4. e3 g6 5. h4 h5 6. Nf3 Bg7 7. Ne5 O-O 8. Be2 c5 9. dxc5 Nc6 10. O-O Qa5 11. Nxd5 Nxd5 12. Qxd5 Nxe5 13. Bxe5 Rd8 14.
Qe4 Bf5 15. Qf4 Qxc5 16. Bxg7 Kxg7 17. Bf3 e5 18. Qg3 e4 19. Bxh5 Qxc2 20. Qe5+ Kg8 21. Rac1 Qa4 22. Be2 Qxa2 23. Bc4 Qa4 24. h5 Qe8 25. Qf6 Be6 26. h6 Qf8 27. Bxe6 Rd6 28. Qxg6+ Kh8 29. Qf6+ Kg8 30. h7+ Kxh7 31. Rc5 Rxe6 32.
Rh5+ Kg8 33. Rh8# 1-0

[Event "*** Titled Tuesday Blitz"]
[Site "Chess.com"]
[Date "2019.04.02"]
[Round "7"]
[White "CookiesAndIceCream"]
[Black "Gentlejimmy7"]
[Result "0-1"]
[WhiteElo "2346"]
[BlackElo "2415"]
[TimeControl "180+2"]
[EndTime "15:32:25 PDT"]
[Termination "Gentlejimmy7 won by resignation"]

1. e4 e5 2. Nf3 Nc6 3. Nc3 Nf6 4. Bb5 Nd4 5. Bc4 Bc5 6. O-O d6 7. Nxd4 Bxd4 8. d3 h6 9. a4 a6 10. Be3 Bxe3 11. fxe3 O-O 12. Qf3 c6 13. a5 Qe7 14. d4 Be6 15. Bxe6 Qxe6 16. Qe2 Rfe8 17. Rae1 Re7 18. Qd3 Rae8 19. d5 cxd5 20. exd5 Qg4 21. e4 Rc7 22. Na4 Nd7 23. Rf2 Rec8 24. Ref1 f6 25.
c3 Rc4 26. b3 Rxe4 27. h3 Qg6 28. Rf5 Rh4 29. c4 e4 30. Qe3 Re8 31. Kh1 Ne5 32. Nc3 Nf3 33. Rf4 Rxf4 34. Qxf4 Nd4 35. Re1 f5 36.
Qxd6 Qxd6 0-1

[Event "*** Titled Tuesday Blitz"]
[Site "Chess.com"]
[Date "2019.04.02"]
[Round "7"]
[White "bugsbunny444"]
[Black "albi1999"]
[Result "0-1"]
[WhiteElo "2493"]
[BlackElo "2641"]
[TimeControl "180+2"]
[EndTime "15:32:26 PDT"]
[Termination "albi1999 won by resignation"]

1. Nf3 d5 2. c4 d4 3. b4 f6 4. Na3 e5 5. Nc2 Na6 6. Rb1 c5 7. b5 Nc7 8. d3 b6 9. g3 Bb7 10. Bg2 Bd6 11. O-O Ne7 12. a4 O-O 13. a5 Rb8 14.
Ra1 e4 15. Nfe1 exd3 16. exd3 Bxg2 17. Nxg2 a6 18. axb6 Rxb6 19. bxa6 Rxa6 20. Bf4 Bxf4 21. Nxf4 Rxa1 22. Qxa1 Nc6 23. Rb1 Ne5 24. Qa3 g5 25. Ne2 Ne6 26. Qa6 Re8 27. Ne1 Qa8 28.
Qd6 Qc6 29. Rb6 Qxd6 30. Rxd6 Kf7 31. h3 Ra8 32. Kf1 Ra1 33. f4 Nxd3 34. f5 0-1

[Event "*** Titled Tuesday Blitz"]
[Site "Chess.com"]
[Date "2019.04.02"]
[Round "7"]
[White "Kirill_Klukin"]
[Black "2165149677570"]
[Result "1-0"]
[WhiteElo "2571"]
[BlackElo "2366"]
[TimeControl "180+2"]
[EndTime "15:32:27 PDT"]
[Termination "Kirill_Klukin won by resignation"]

1. Nf3 c5 2. c4 Nc6 3. Nc3 g6 4. e3 Nf6 5. d4 cxd4 6. exd4 d5 7. Bg5 Be6 8. Bxf6 exf6 9. c5 Bg7 10. Be2 O-O 11.
O-O f5 12. Rb1 g5 13. h3 g4 14. hxg4 fxg4 15. Ne5 Nxe5 16. dxe5 Qg5 17. Qc1 Qxc1 18. Rbxc1 Bxe5 19. Rfd1 Rad8 20. b4 f5 21. Nb5 a6 22. Nd4 Bxd4 23. Rxd4 f4 24. a4 f3 25. Bd3 h5 26. b5 a5 27. Re1 Bf5 28. Re5 Bxd3 29.
Rxd3 Rf4 30. Rexd5 Rxd5 31. Rxd5 Rxa4 32. Rd8+ Kf7 33. Rd7+ Ke6 34. Rxb7 Rc4 35. c6 a4 36. c7 Kd7 37. b6 a3 38. Ra7 fxg2 39. Kxg2 h4 40.
Rxa3 Rc6 41. Rd3+ 1-0

[Event "*** Titled Tuesday Blitz"]
[Site "Chess.com"]
[Date "2019.04.02"]
[Round "7"]
[White "Vice64"]
[Black "Quiet_Desperation"]
[Result "1-0"]
[WhiteElo "2553"]
[BlackElo "2416"]
[TimeControl "180+2"]
[EndTime "15:32:28 PDT"]
[Termination "Vice64 won by resignation"]

1. e4 Nc6 2. Nf3 d6 3. Bb5 Nf6 4. Nc3 Bd7 5. O-O e5 6. Bxc6 bxc6 7. d4 exd4 8. Nxd4 Be7 9. f4 O-O 10. h3 c5 11. Nf3 Bc6 12. e5 Ne4 13. Nxe4 Bxe4 14. c3 dxe5 15. Nxe5 Qxd1 16. Rxd1 Rad8 17. Be3 Bd6 18. Nc4 Rfe8 19. Kf2 f6 20. Rd2 Be7 21. Rad1 Rxd2+ 22. Rxd2 Kf7 23. Rd7 Ke6 24. Rxc7 Bd5 25. Na5 Rb8 26. b3 a6 27. Nc6 Bxc6 28. Rxc6+ Kd5 29.
Rxa6 c4 30. b4 Bd6 31. Kf3 Re8 32. a4 Bc7 33. a5 h6 34. b5 g5 35. b6 Bd6 36. b7 Bb8 37. Rxf6 gxf4 38. Bxf4 Bxf4 39.
Rxf4 1-0